 Dungeon Crawl Stone Soup version 0.16-a0-331-g39fd2ee (webtiles) character file.

44 PolkaDot the Caller (level 3, -5/24 HPs)
             Began as a Vampire Summoner on Sept 7, 2014.
             Slain by a gnoll
             ... wielding a +0 spear
              (10 damage)
             ... on Level 2 of the Dungeon.
             The game lasted 00:05:52 (1536 turns).

PolkaDot the Caller (Vampire Summoner)              Turns: 1536, Time: 00:05:52

HP  -5/24        AC  3     Str  7      XL: 3   Next: 39%
MP   1/6         EV 10     Int 18      God:
Gold 82          SH  0     Dex 14      Spells:  2 memorised,  3 levels left

rFire  . . .     SeeInvis +     d - +0 dagger
rCold  . . .     Clarity  .     c - +0 leather armour (curse)
rNeg   . . .     rCorr    .     (no shield)
rPois  .         rRot     .     (no helmet)
rElec  .         Spirit   .     (no cloak)
SustAb .         Warding  .     (no gloves)
rMut   .         Stasis   .     (no boots)
Gourm  .                        (no amulet)
MR     .....                    (no ring)
                                (no ring)

@: short of breath, very slightly contaminated, regenerating quickly, not
resistant to hostile enchantments, unstealthy
A: fangs 3, see invisible, spit poison 1, unbreathing
a: Spit Poison


You were on level 2 of the Dungeon.
You were very full.

You visited 1 branch of the dungeon, and saw 2 of its levels.

You collected 82 gold pieces.

Inventory:

Hand weapons
 d - a +0 dagger (weapon)
Armour
 c - a cursed +0 leather armour (worn)
Scrolls
 a - a scroll of magic mapping {unknown}
 e - a scroll of fog {unknown}
 g - a scroll of remove curse {unknown}
Jewellery
 f - an uncursed ring of stealth {unknown}
Books
 b - a book of Callings

   Spells                             Type                      Level
   *Summon Small Mammal               Summoning                    1
   *Call Imp                          Summoning                    2
   Call Canine Familiar               Summoning                    3
   Summon Guardian Golem              Hexes/Summoning              4
   Summon Lightning Spire             Summoning/Air                4
   Summon Ice Beast                   Ice/Summoning                4


   Skills:
 - Level 2.1 Dodging
 - Level 3.0 Stealth
 - Level 2.0 Spellcasting
 * Level 5.2 Summonings


You had 3 spell levels left.
You knew the following spells:

 Your Spells              Type           Power        Failure   Level  Hunger
a - Summon Small Mammal   Summ           ###.         1%          1    #......
s - Call Imp              Summ           ###.....     3%          2    ##.....


Dungeon Overview and Level Annotations

Branches:
Dungeon (2/15)

Altars:


Innate Abilities, Weirdness & Mutations

Your natural rate of healing is unusually fast.
You have razor-sharp teeth.
You have supernaturally acute eyesight.
You can survive without breathing.
You can spit poison.


Message History

Use which ability? (? or * to list)
Press: ? - help, Shift-Dir - straight line, f/p - gnoll
Aim: a gnoll, wielding a spear (heavily wounded, hasn't noticed you)
The splash of poison misses the gnoll.
You feel slightly less full.
You have got your breath back.
Casting: Call Imp
Confirm with . or Enter, or press ? or * to list all spells.
A beastly little devil appears in a puff of flame.
* * * LOW MAGIC WARNING * * *
The gnoll closely misses you.
Use which ability? (? or * to list)
Press: ? - help, Shift-Dir - straight line, f - gnoll, p - gnoll
Aim: a gnoll, wielding a club The splash of poison hits the gnoll.
The gnoll is poisoned.
The gnoll is severely wounded.
You feel slightly less full.
The gnoll hits you from afar with a spear!
* * * LOW HITPOINT WARNING * * *
The gnoll hits you from afar with a spear!
You die...

# #........# # #........#
###########........###
.........##........#..
.%.......##........#.#
.........##........#.# .
...................#.# ... ....
...................#.# ....##...
..........(.....@..#.###.........
##....<.....#####5.......# #...
##.#........# #gg......# #...
............# #g.......# #...
............# #........# #...
...........## ##........# #
.)........## #.........########
..........# ###.....#####.....g.
..........# #.......#####.######


You could see 3 gnolls and a friendly crimson imp.

Vanquished Creatures
  A giant mite (D:1)
  3 bats
  A giant cockroach (D:2)
  4 goblins
  3 hobgoblins
  A kobold (D:1)
  A giant newt (D:2)
14 creatures vanquished.

Vanquished Creatures (collateral kills)
  A giant mite (D:2)
  An ooze (D:2)
  A giant cockroach (D:1)
  4 hobgoblins
  5 kobolds (D:1)
  A bat (D:1)
  2 giant geckos (D:1)
  A giant newt (D:1)
  2 rats (D:1)
18 creatures vanquished.

Vanquished Creatures (others)
  A shadow imp (D:2)
  3 rats (D:1)
4 creatures vanquished.

Grand Total: 36 creatures vanquished

Notes
Turn   | Place    | Note
--------------------------------------------------------------
     0 | D:1      | PolkaDot, the Vampire Summoner, began the quest for the Orb.
     0 | D:1      | Reached XP level 1. HP: 13/13 MP: 3/3
   433 | D:1      | Reached XP level 2. HP: 10/19 MP: 0/4
   593 | D:1      | Learned a level 2 spell: Call Imp
  1304 | D:2      | Reached skill level 5 in Summonings
  1321 | D:2      | Reached XP level 3. HP: 24/24 MP: 3/6
  1513 | D:2      | Gained mutation: You can spit poison. [potion of beneficial mutation]
  1536 | D:2      | Slain by a gnoll

Action                   || total
-------------------------++-------
Melee: Dagger            ||   107
 Cast: Summon Small Mamm ||    10
       Call Imp          ||    14
 Abil: Spit Poison       ||     2
  Use: Potion            ||     3
 Stab: Distracted        ||     1
       Sleeping          ||     2
  Eat: Corpse            ||    11
